 Dungeon Crawl Stone Soup version 0.28-a0-1033-g1a2f33fa85 (webtiles) character file.

Game seed: 3882391735650282356

3287 Gwenloh the Carver (level 10, -3/69 HPs)
             Began as a Human Fighter on Dec 7, 2021.
             Was a Believer of Hepliaklqana.
             Killed from afar by a starcursed mass (8 damage)
             ... with an accursed screaming
             ... on level 1 of the Abyss.
             The game lasted 00:25:17 (10503 turns).

Gwenloh the Carver (Human Fighter)                 Turns: 10503, Time: 00:25:17

Health: -3/69      AC: 14    Str: 17    XL:     10   Next: 20%
Magic:  14/14      EV: 10    Int:  9    God:    Hepliaklqana [**....]
Gold:   386        SH:  5    Dex: 16    Spells: 9/9 levels left

rFire   . . .      SeeInvis .   a - +0 long sword
rCold   . . .      Faith    .   c - +0 buckler
rNeg    . . .      Spirit   .   J - +0 acid dragon scales
rPois   .          Reflect  .   o - +0 helmet
rElec   .          Harm     .   g - +0 cloak
rCorr   +          Rampage  .   t - +0 pair of gloves
Will    .....      Clarity  +   e - +1 pair of boots
Stlth   +.........              (no amulet)
HPRegen 0.21/turn               (no ring)
MPRegen 0.14/turn               (no ring)

@: very slow
A: reduced essence, clarity, mutation resistance 1
a: Renounce Religion, Recall Ancestor, Ancestor Identity


You were on level 1 of the Abyss.
You worshipped Hepliaklqana.
Hepliaklqana was pleased with you.
You visited 2 branches of the dungeon, and saw 9 of its levels.
You visited the Abyss 1 time.
You also visited: Sewer.

You collected 386 gold pieces.

Inventory:

Hand Weapons
 a - a +0 long sword (weapon)
 b - a +0 trident of venom
Missiles
 p - 185 stones
 u - a throwing net
 y - 3 poisoned darts (quivered)
Armour
 c - a +0 buckler (worn)
 e - a +1 pair of boots (worn)
 g - a +0 cloak (worn)
 l - a +0 tower shield
 o - a +0 helmet (worn)
 t - a +0 pair of gloves (worn)
 J - +0 acid dragon scales (worn)
Jewellery
 m - a ring of protection from cold
 x - an amulet of guardian spirit
Scrolls
 d - a scroll of enchant weapon
 f - 2 scrolls of enchant armour
 i - a scroll of torment
 j - 2 scrolls of teleportation
 k - 3 scrolls of fear
 q - 2 scrolls of immolation
 r - a scroll of blinking
 s - a scroll of fog
 v - a scroll of acquirement {unknown}
 E - a scroll of silence
 G - a scroll of brand weapon
Potions
 h - a potion of cancellation
 n - a potion of mutation
 w - a potion of lignification
 z - a potion of degeneration {unknown}
 A - a potion of invisibility {unknown}
 B - a potion of resistance {unknown}
 C - a potion of might
 D - a potion of experience {unknown}
 F - a potion of flight
 I - a potion of curing {unknown}


   Skills:
 + Level 6.9 Fighting
 * Level 9.0 Long Blades
 + Level 6.9 Armour
 - Level 4.0 Shields
 + Level 5.6 Invocations


You had 9 spell levels left.
You didn't know any spells.
Your spell library contained the following spells:

 Spells                   Type           Power      Damage    Failure   Level
 Sandblast                Erth           0%         2d4       45%         1
 Passwall                 Tmut/Erth      0%         N/A       61%         2
 Scorch                   Fire           0%         2d5       61%         2
 Ignite Poison            Fire/Tmut/Pois 0%         N/A       83%         3
 Mephitic Cloud           Conj/Pois/Air  0%         N/A       83%         3
 Stone Arrow              Conj/Erth      0%         3d7       83%         3
 Swiftness                Air            0%         N/A       83%         3
 Animate Armour           Summ/Erth      0%         N/A       99%         4
 Sticky Flame             Conj/Fire      0%         2d3       99%         4
 Blade Hands              Tmut           0%         N/A       100%        5
 Freezing Cloud           Conj/Ice/Air   0%         6-21      100%        5
 Iron Shot                Conj/Erth      0%         9d1       100%        6
 Starburst                Conj/Fire      0%         6d3       100%        6


Dungeon Overview and Level Annotations

Branches:
Dungeon (8/15)             Temple (1/1) D:7           Sewer (visited)
   Lair: D:8-11

Altars:
Ashenzari
Dithmenos
Elyvilon
Fedhas
Gozag
Hepliaklqana
Kikubaaqudgha
Nemelex Xobeh
Qazlal
Ru
Sif Muna
Uskayaw
Vehumet
Wu Jian
Xom
Yredelemnul
The Shining One

Shops:
D:1 (   D:2 (   D:6 *

Annotations:
D:8 Psyche


Innate Abilities, Weirdness & Mutations

Your life essence is reduced to manifest your ancestor. (-10% HP)
You possess an exceptional clarity of mind.
You are somewhat resistant to further mutation.


Message History

A starcursed mass splits.
The wight hits you with a +4 great sword.
A starcursed mass splits.
A deafening chorus of shrieks assaults your mind!
A starcursed mass splits.
A chorus of shrieks assaults your mind.
The starcursed mass shrieks in your mind.
A chorus of shrieks assaults your mind.
A starcursed mass splits.
The starcursed mass shrieks in your mind.
The starcursed mass shrieks in your mind.
Okay, then.
As you read the scroll of teleportation, it crumbles to dust.
You feel strangely unstable.
You feel the power of the Abyss delaying your translocation!
The starcursed mass shrieks in your mind.
Okay, then.
The starcursed mass shrieks in your mind.
* * * LOW HITPOINT WARNING * * *
The starcursed mass shrieks in your mind.
* * * LOW HITPOINT WARNING * * *
The starcursed mass shrieks in your mind.
* * * LOW HITPOINT WARNING * * *
The starcursed mass shrieks in your mind.
* * * LOW HITPOINT WARNING * * *
Unknown command.
You are suddenly pulled into a different region of the Abyss!
Found a corrupted altar of Lugonu.
You start resting.
A starcursed mass comes into view.
A starcursed mass splits.
The starcursed mass shrieks in your mind.
* * * LOW HITPOINT WARNING * * *
A starcursed mass splits.
A starcursed mass splits.
You enter the shallow water.
Moving in this stuff is going to be slow.
A starcursed mass splits.
A chorus of shrieks assaults your mind.
You die...

≈≈# .# .#.≈≈ ≈≈# #.
.#..≈≈ ≈≈### .
...≈≈##≈≈≈##### #. # #
#≈≈≈ ≈≈≈≈....##.##.
..#.≈≈ ♣≈≈.### #....##
#.#.≈##≈##.#X.#... .#
#≈≈≈≈≈≈...X#.#..#
#.≈#≈≈@♣≈..X..#.#.##
#≈≈≈##≈...X#..XX#
≈≈≈≈≈≈##.#....X#._X.#
≈.#≈≈.#≈...#####.###.#..
≈≈≈...≈.... #.# .. #
###≈#..≈.≈#. .#. .#.
#.#≈≈≈≈# .# . #. # .
≈≈≈≈. # ..


You could see 2 starcursed masses.

Vanquished Creatures
  Sigmund (D:5)
  Menkaure (D:6)
  A water moccasin (D:8)
  Duvessa (D:6)
  A necrophage (D:7)
  A black bear (D:5)
  A sky beast (D:5)
  6 ogres
  A centaur (D:6)
  A phantom (D:4)
  Blork the orc (D:6)
  A water moccasin zombie (D:5)
  A wyvern skeleton (D:7)
  2 scorpions
  A water moccasin skeleton (D:2)
  Dowan (D:6)
  2 hounds
  2 iguanas
  Jessica (D:3)
  An orc wizard (D:7)
  A killer bee zombie (D:4)
  A hound zombie (D:5)
  A hound skeleton (D:3)
  4 gnolls
  4 adders
  A river rat (D:5)
  A shadow imp (D:7)
  A white imp (D:6)
  An ufetubus (D:3)
  An adder skeleton (D:3)
  2 dart slugs
  11 orcs
  17 ball pythons
  5 bats
  6 endoplasms
  8 giant cockroaches
  6 goblins
  7 hobgoblins
  7 jackals
  3 quokkas
  A ball python zombie (D:3)
  2 frilled lizards (Sewer)
  9 kobolds
  A quokka skeleton (D:4)
  5 rats
134 creatures vanquished.

Vanquished Creatures (collateral kills)
  Maggie (D:6)
  A water moccasin (D:7)
  2 black bears
  An ogre (D:7)
  A phantom (D:7)
  A scorpion (D:5)
  A water moccasin zombie (D:6)
  2 orc priests
  A bullfrog skeleton (D:6)
  A jelly (D:5)
  An iguana (D:6)
  2 orc wizards
  An ufetubus (D:6)
  8 orcs
  5 jackals
  2 kobolds (Sewer)
  A frilled lizard (Sewer)
32 creatures vanquished.

Vanquished Creatures (others)
  A hexer (D:6)
  5 ancestors
  19 plants (Sewer)
  12 withered plants (D:3)
37 creatures vanquished.

Grand Total: 203 creatures vanquished

Notes
Turn   | Place    | Note
-------+----------+-------------------------------------------
     0 | D:1      | Gwenloh the Human Fighter began the quest for the Orb.
     0 | D:1      | Reached XP level 1. HP: 18/18 MP: 1/1
   126 | D:1      | Reached XP level 2. HP: 18/24 MP: 2/2
   599 | D:1      | Reached XP level 3. HP: 16/29 MP: 3/3
   736 | D:1      | Found Xoaps's Weapon Shoppe.
  1235 | D:2      | Reached skill level 3 in Long Blades
  1235 | D:2      | Reached XP level 4. HP: 21/35 MP: 4/4
  1460 | D:2      | Found Kutoh's Antique Weapon Boutique.
  1462 | D:2      | Found a faded altar of an unknown god.
  1678 | D:2      | Found a stormy altar of Qazlal.
  1821 | D:3      | Reached XP level 5. HP: 23/41 MP: 5/5
  2108 | D:3      | Noticed Jessica
  2367 | D:3      | Killed Jessica
  2695 | D:3      | Reached XP level 6. HP: 48/48 MP: 6/6
  2943 | D:3      | Reached skill level 4 in Long Blades
  3168 | D:4      | Noticed an ogre
  3306 | D:4      | Noticed an ogre
  3316 | D:4      | Killed an ogre
  3812 | D:4      | Found a hazy altar of Hepliaklqana.
  3820 | D:4      | Became a worshipper of Hepliaklqana the Forgotten
  3853 | D:4      | Reached XP level 7. HP: 18/54 MP: 7/7
  4109 | D:4      | Reached skill level 5 in Long Blades
  4617 | D:4      | Reached skill level 1 in Invocations
  4838 | D:5      | Entered Level 5 of the Dungeon
  4880 | D:5      | Found a glowing drain.
  5011 | Sewer    | Entered a sewer
  5119 | Sewer    | Reached * piety under Hepliaklqana
  5635 | D:5      | Reached XP level 8. HP: 54/54 MP: 9/9
  5646 | D:5      | Noticed Sigmund
  5663 | D:5      | Killed Sigmund
  5664 | D:5      | Reached skill level 5 in Fighting
  5664 | D:5      | Reached skill level 6 in Long Blades
  5888 | D:5      | Reached skill level 5 in Armour
  6229 | D:5      | Got the Grimoire of Ignition
  6739 | D:5      | Reached XP level 9. HP: 51/61 MP: 11/11
  6800 | D:5      | Reached skill level 7 in Long Blades
  7646 | D:6      | Noticed Dowan
  7648 | D:6      | Noticed Duvessa
  7688 | D:6      | Killed Duvessa
  7698 | D:6      | Killed Dowan
  7940 | D:6      | Noticed Maggie
  7958 | D:6      | Killed Maggie
  7959 | D:6      | Reached skill level 8 in Long Blades
  7985 | D:6      | Noticed Menkaure
  8450 | D:6      | Killed Menkaure
  8607 | D:6      | Reached ** piety under Hepliaklqana
  8614 | D:6      | Remembered your ancestor Nindada as a hexer
  8696 | D:6      | Noticed Blork the orc
  8706 | D:6      | Gained mutation: You possess an exceptional clarity of
                  | mind. [potion of mutation]
  8706 | D:6      | Gained mutation: You are somewhat resistant to further
                  | mutation. [potion of mutation]
  8718 | D:6      | Killed Blork the orc
  8719 | D:6      | Reached skill level 5 in Invocations
  9081 | D:6      | Found Wichyargh's Mass Market.
  9267 | D:6      | Found a sacrificial altar of Ru.
  9370 | D:6      | Upgraded the game from 0.28-a0-1002-gf00fe891ef to
                  | 0.28-a0-1033-g1a2f33fa85
  9412 | D:7      | Found a stormy altar of Qazlal.
  9467 | D:7      | Reached XP level 10. HP: 66/69 MP: 13/13
  9952 | D:7      | Found a staircase to the Ecumenical Temple.
  9966 | Temple   | Entered the Ecumenical Temple
 10298 | D:8      | Reached skill level 9 in Long Blades
 10380 | D:8      | Noticed Psyche
 10387 | D:8      | Cast into level 1 of the Abyss (Psyche)
 10424 | Abyss:1  | Noticed a starcursed mass
 10441 | Abyss:1  | Noticed a starcursed mass
 10475 | Abyss:1  | HP: 3/69 [starcursed mass/accursed screaming (5)]
 10478 | Abyss:1  | Found a corrupted altar of Lugonu.
 10492 | Abyss:1  | Noticed a starcursed mass
 10494 | Abyss:1  | HP: 3/69 [starcursed mass/accursed screaming (4)]
 10503 | Abyss:1  | Killed from afar by a starcursed mass

Illustrated notes

Levels and vault maps discovered:
D:1:      wander_arrival_desolate, layout_loops_ring, serial_shops,
          nicolae_shop_bloodbath_and_beyond, roderic_roman_lattice,
          columned_hall_lemuel, minmay_distorted
D:2:      layout_loops_cross, serial_shops, shop, basic_altar,
          ebering_ecumenical_altar_sacrificial
D:3:      layout_rooms, serial_undead, serial_undead_f, serial_undead_d,
          serial_undead_c, serial_undead_e, uniq_jessica
D:4:      layout_basic, mainiacjoe_overflow_boulevard
D:5:      layout_basic, portal_sewer_entry_a, minmay_fractal_squares_gapless_5,
          uniq_sigmund
D:6:      layout_loops_ring, nicolae_ru_path_of_blood, minmay_shop_mass,
          uniq_maggie, uniq_duvessa, uniq_menkaure, uniq_blork_the_orc
D:7:      layout_rooms, mainiacjoe_overflow_24_doors, temple_hall, st_stairs_6
D:8:      layout_basic, makhleb_blood_cavern_becter,
          hangedman_abyss_or_decor_stagger, hangedman_misty_isle, uniq_psyche
Temple:   eino_temple_water
Abyss:1:  base:
D:5

Skill      XL: |  1  2  3  4  5  6  7  8  9 10 |
---------------+-------------------------------+-----
Long Blades    | 3 4 5 6 8 9 |  9.0
Fighting       | 4 5 6 |  6.9
Armour         | 4 5 6 |  6.9
Shields        | 4 |  4.0
Invocations    | 1 3 5 |  5.6

Action                   |  1- 3 |  4- 6 |  7- 9 | 10-12 || total
-------------------------+-------+-------+-------+-------++-------
Melee: Long sword        |    81 |   218 |   266 |    43 ||   608
Throw: Stone             |       |    84 |    87 |       ||   171
       Dart              |       |       |    21 |    18 ||    39
Invok: Ancestor Identity |       |       |     1 |       ||     1
       Ancestor Life: He |       |       |     1 |       ||     1
  Use: Potion            |       |     2 |     7 |       ||     9
       Scroll            |       |     1 |     6 |     5 ||    12
 Stab: Distracted        |       |       |     4 |     2 ||     6
       Confused          |       |       |     1 |     2 ||     3
Armor: Scale mail        |    38 |   131 |   126 |       ||   295
       Acid dragon scale |       |       |    10 |    10 ||    20
       Skin              |       |       |     3 |       ||     3
Dodge: Dodged            |    41 |   112 |   109 |     8 ||   270
Block: Buckler           |    21 |    66 |    67 |     6 ||   160

Table legend: (Time is in decaauts)
 A = Elapsed time spent in this place.
 B = Non-inter-level travel time spent in this place.
 C = Inter-level travel time spent in this place.
 D = Time resting spent in this place.
 E = Time spent auto-exploring this place.
 F = Levels seen in this place.
 G = Mean time per level.
                   A        B        C        D        E       F      G
               +--------+--------+--------+--------+--------+-----+--------+
         Total |  10770 |  10399 |    371 |   1588 |   6850 |  11 |  979.1 |
       Dungeon |   9700 |   9348 |    352 |   1574 |   6076 |   8 | 1212.5 |
        Temple |    217 |    198 |     19 |      0 |    178 |   1 |  217.0 |
         Abyss |    116 |    116 |      0 |     14 |     31 |   1 |  116.0 |
         Sewer |    735 |    735 |      0 |      0 |    565 |   1 |  735.0 |
               +--------+--------+--------+--------+--------+-----+--------+

Top non-repeatable levels by time:
     D:5: 2096 daAuts
     D:6: 1664 daAuts
     D:4: 1614 daAuts
     D:3: 1563 daAuts
     D:1: 1099 daAuts
     D:2: 865 daAuts
   Sewer: 735 daAuts
     D:7: 649 daAuts
  Temple: 217 daAuts
     D:8: 147 daAuts
 Abyss:1: 116 daAuts
